 Dungeon Crawl Stone Soup version 0.18-a0-721-g8fc53f4 (webtiles) character file.

80 Raultor the Insei (level 4, 35/35 HPs)
             Began as a Vampire Monk on Dec 8, 2015.
             Quit the game on level 2 of the Dungeon.
             The game lasted 00:03:11 (1137 turns).

Raultor the Insei (Vampire Monk)                    Turns: 1137, Time: 00:03:12

Health: 35/35      AC:  5    Str: 11    XL:     4   Next: 18%
Magic:  4/4        EV: 12    Int: 12    God:
Gold:   21         SH:  0    Dex: 16    Spells: 0 memorised, 3 levels left

rFire  . . .     SeeInvis +       - Unarmed
rCold  . . .     Clarity  .     i - +0 ring mail
rNeg   . . .     SustAt   .     (no shield)
rPois  .         Gourm    .     (no helmet)
rElec  .         Spirit   .     (no cloak)
rCorr  .         Dismiss  .     (no gloves)
rMut   .         Stasis   .     (no boots)
MR     .....                    (no amulet)
Stlth  ++........               (no ring)
                                (no ring)

@: regenerating quickly, not resistant to hostile enchantments, unstealthy
A: fangs 3, see invisible, unbreathing
a: no special abilities


You were on level 2 of the Dungeon.
You were full.

You visited 1 branch of the dungeon, and saw 2 of its levels.

You collected 21 gold pieces.

Inventory:

Armour
 a - a +0 robe
 i - a +0 ring mail (worn)
   (You found it on level 1 of the Dungeon)
Scrolls
 c - a scroll of fog {unknown}
 d - a scroll of immolation {unknown}
 e - 3 scrolls of blinking {unknown}
 g - a scroll of fear {unknown}
 l - a scroll of remove curse {unknown}
Potions
 b - 3 potions of blood {@q1}
 f - a potion of haste {unknown}
 h - a potion of brilliance {unknown}
 j - a potion of mutation {unknown}
 k - a potion of heal wounds {unknown}


   Skills:
 + Level 3.1 Fighting
 + Level 0.8 Armour
 + Level 3.8 Dodging
 - Level 3.0 Stealth
 * Level 5.4 Unarmed Combat


You had 3 spell levels left.
You didn't know any spells.

Dungeon Overview and Level Annotations

Branches:
Dungeon (2/15)

Altars:


Innate Abilities, Weirdness & Mutations

Your natural rate of healing is unusually fast.
You have razor-sharp teeth.
You have supernaturally acute eyesight.
You can survive without breathing.


Message History

You barely miss the gnoll. You bite the gnoll. The gnoll hits you with a flail.
* * * LOW HITPOINT WARNING * * *
You take 2 damage, and have 8/29 hp.
Your ring mail prevents you from hitting the gnoll.
The gnoll barely misses you.
You closely miss the gnoll. You hit the gnoll but do no damage.
The gnoll barely misses you.
You hit the gnoll.
You kill the gnoll!
You have reached level 4!
MP restored: 4
Things that are here:
a flail; a gnoll corpse Drinking blood from a gnoll corpse.
This warm blood tastes delicious!
You feel somewhat more full.
You continue drinking. x2
You finish drinking.
You start resting.
Health restored: 35
There is a stone staircase leading down here.
You open the door.
There is an open door here.
You now have 21 gold pieces (gained 6).
A rat and a hobgoblin come into view.
The rat closely misses you.
You barely miss the rat. The rat barely misses you.
You hit the rat.
You kill the rat!
The hobgoblin shouts!
You see here a rat corpse.
The hobgoblin barely misses you.
You hit the hobgoblin.
The hobgoblin hits you but does no damage.
You hit the hobgoblin.
You kill the hobgoblin!
A rat comes into view.
The rat moves out of view.
You see here a rat corpse.
You bottle the corpse's blood.
b - 3 potions of blood {@q1} (gained 1)
The rat is too close now for your liking.
The rat bites you.
You take 2 damage, and have 33/35 hp.
You hit the rat but do no damage. Your bite misses the rat.
The rat bites you but does no damage.
You hit the rat.
You kill the rat!
No target in view!
You see here a rat corpse.
You see here a halberd.
You see here a flail.
l - a scroll labeled JOEMOKL WELUCE Health restored: 35
Found a stone staircase leading up.
A bat comes into view.
The bat completely misses you. The bat hits you but does no damage.
The bat closely misses you.
You hit the bat.
You kill the bat!
No target in view!
No target in view!
A giant cockroach comes into view.
The helpless giant cockroach fails to defend itself.
You hit the giant cockroach.
The giant cockroach completely misses you.
You closely miss the giant cockroach. The giant cockroach bites you.
You take 1 damage, and have 34/35 hp.
You closely miss the giant cockroach.
The giant cockroach bites you but does no damage.
You hit the giant cockroach. The giant cockroach barely misses you.
You closely miss the giant cockroach. The giant cockroach closely misses you.
The giant cockroach bites you but does no damage.
You hit the giant cockroach.
You kill the giant cockroach!
No target in view!
A kobold comes into view. It is wielding a short sword.
Health restored: 35 The kobold shouts!
The kobold throws a stone.
The stone hits you but does no damage.
You see here a stone.
Found a stone staircase leading down.
You hit the kobold.
You kill the kobold!
No target in view!
No target in view!
You open the door.
There is an open door here.
You see here a bread ration {@e1}.
Found an escape hatch in the ceiling.
There is an escape hatch in the ceiling here.
A worm comes into view.
The helpless worm fails to defend itself.
You punch the worm! You hit the worm. The worm bites you but does no damage.
You barely miss the worm. You bite the worm, but do no damage.
You hit the worm. The worm closely misses you.
You punch the worm!
You kill the worm!
No target in view!

#........# #.#.#
##........# #.#.#
..........# #.#.#
...######## #.#<#
...# #.#.#
..%######## #.#.#
...'....... #.#.#
...############.#.#
..............#.@.#
.....(.).....>#####
#.#.##........
#....#.######.
#.#..#.# #.#..#.#
#.#..#.# #.#..#.#
#.#..#.#


There were no monsters in sight!

Vanquished Creatures
  3 gnolls (D:2)
  An adder (D:1)
  An ooze (D:2)
  A worm (D:2)
  2 giant geckos (D:1)
  3 bats
  3 goblins (D:1)
  9 hobgoblins
  4 kobolds
  4 giant cockroaches
  A giant newt (D:1)
  4 rats
36 creatures vanquished.

Notes
Turn   | Place    | Note
--------------------------------------------------------------
     0 | D:1      | Raultor the Vampire Monk began the quest for the Orb.
     0 | D:1      | Reached XP level 1. HP: 17/17 MP: 1/1
    56 | D:1      | Reached XP level 2. HP: 21/23 MP: 2/2
   533 | D:1      | Reached XP level 3. HP: 24/28 MP: 3/3
   546 | D:1      | Reached skill level 3 in Fighting
   546 | D:1      | Reached skill level 5 in Unarmed Combat
   739 | D:2      | Reached XP level 4. HP: 10/35 MP: 4/4
  1137 | D:2      | Quit the game

Vault maps used:
D:1:      lightli_arrival_maybe_door_vault

Action                   |  1- 3 |  4- 6 || total
-------------------------+-------+-------++-------
Melee: Unarmed           |   108 |    19 ||   127
 Stab: Sleeping          |     3 |     2 ||     5
  Eat: Corpse            |     5 |     1 ||     6

Vault maps used:
D:1:      lightli_arrival_maybe_door_vault

Table legend:
 A = Turns spent in this place as a percentage of turns spent in the entire game.
 B = Non-inter-level travel turns spent in this place as a percentage of non-inter-level travel turns spent in the entire game.
 C = Inter-level travel turns spent in this place as a percentage of turns spent in this place.
 D = Turns resting spent in this place as a percentage of non-inter-level travel turns spent in this place.
 E = Turns spent auto-exploring this place as a percentage of non-inter-level travel turns spent in this place.
 F = Non-inter-level travel turns spent in this place divided by the number of levels of this place that you've seen.
                   A       B       C       D       E      F
               +-------+-------+-------+-------+-------+----------------------
         Total | 100.0 | 100.0 |   0.3 |   2.4 |  11.4 | 166.5
       Dungeon | 100.0 | 100.0 |   0.3 |   2.4 |  11.4 | 166.5
               +-------+-------+-------+-------+-------+----------------------

Table legend:
 A = Kills in this place as a percentage of kills in entire the game.
 B = Kills by you in this place as a percentage of kills by you in the entire game.
 C = Kills by friends in this place as a percentage of kills by friends in the entire game.
 D = Other kills in this place as a percentage of other kills in the entire game.
 E = Experience gained in this place as a percentage of experience gained in the entire game.
 F = Experience gained in this place divided by the number of levels of this place that you have seen.
                   A       B       C       D       E      F
               +-------+-------+-------+-------+-------+----------------------
         Total | 100.0 | 100.0 |  -nan |  -nan | 100.0 |  57.5
       Dungeon | 100.0 | 100.0 |  -nan |  -nan | 100.0 |  57.5
               +-------+-------+-------+-------+-------+----------------------
